 Dungeon Crawl Stone Soup version 0.30-a0-779-g7971cf19c3 (webtiles) character file.

Game seed: 11795830724421878779

447 Newt the Skirmisher (level 7, -1/64 HPs)
             Began as a Kobold Hunter on Feb 17, 2023.
             Succumbed to a scorpion's poison
             ... on level 5 of the Dungeon.
             The game lasted 00:03:11 (4226 turns).

Newt the Skirmisher (Kobold Hunter)                 Turns: 4226, Time: 00:03:11

Health: -1/64      AC: 23    Str: 13    XL:     7   Next: 24%
Magic:  7/7        EV:  3    Int:  9    God:
Gold:   107        SH:  0    Dex: 19    Spells: 6/6 levels left

rFire   . . .      SeeInvis .    a - +1 shortbow (chaos)
rCold   . . .      Faith    .    (shield currently unavailable)
rNeg    . . .      Spirit   .    (body armour currently unavailable)
rPois   +          Reflect  .    (helmet currently unavailable)
rElec   .          Harm     .    (cloak currently unavailable)
rCorr   .          Rampage  .    (gloves currently unavailable)
Will    .....      NoTele   +    (boots currently unavailable)
Stlth   +++                      (no amulet)
HPRegen 0.30/turn                (no ring)
MPRegen 0.10/turn                (no ring)

@: brilliant, lethally poisoned (-1 -> -16), tree-form, hasted, very quick
A: stationary, stasis, torment immunity, boosted hp, small, no large weapons,
nightstalker 3, sense surroundings 1, strong 1, subdued magic 1
a: no special abilities


You were on level 5 of the Dungeon.
You were a tree.
You visited 1 branch of the dungeon, and saw 5 of its levels.

You collected 129 gold pieces.
You spent 22 gold pieces at shops.

Inventory:

Hand Weapons
 a - a +1 shortbow of chaos (weapon)
Missiles
 g - 2 throwing nets
Armour
 c - a +0 leather armour (melded)
Scrolls
 b - a scroll of immolation
Potions
 d - a potion of magic
 e - a potion of attraction
 f - a potion of mutation


   Skills:
 - Level 4.0 Fighting
 + Level 9.9 Ranged Weapons
 - Level 2.4 Dodging
 - Level 1.3 Stealth


You had 6 spell levels left.
You didn't know any spells.
Your spell library was empty.

Dungeon Overview and Level Annotations

Branches:
Dungeon (5/15)
 Temple: D:4-7

Altars:
Makhleb
Nemelex Xobeh
Ru
Trog
Wu Jian

Shops:
D:1 *   D:2 *


Innate Abilities, Weirdness & Mutations

You are a tree.
Your roots penetrate the ground, keeping you stationary.
You cannot be teleported.
You are immune to unholy pain and torment.
Your maximum health is greatly increased.
Your equipment is partially melded.
You are small and have problems with some larger weapons.
You are completely attuned to the shadows.
You passively map a small area around you.
Your muscles are strong. (Str +4, Int/Dex -1)
Your spells are a little easier to cast, but a little less powerful.


Message History

A scorpion is nearby!
You shoot an arrow. The arrow barely misses the scorpion.
You feel sick.
The scorpion stings you but does no damage.
You shoot an arrow. The arrow barely misses the scorpion.
You feel sick. The scorpion stings you.
You are more poisoned.
The scorpion poisons you!
You shoot an arrow. The arrow barely misses the scorpion.
You feel very sick. The scorpion stings you.
You are more poisoned.
The scorpion poisons you!
You shoot an arrow. The arrow hits the scorpion.
You feel better.
The scorpion is moderately wounded.
You feel very sick. The scorpion stings you.
You are lethally poisoned!
The scorpion poisons you! The scorpion stings you.
You are too injured to fight recklessly!
You are too injured to fight recklessly!
You are too injured to fight recklessly!
You shoot an arrow. The arrow closely misses the scorpion.
* * * LOW HITPOINT WARNING * * *
You feel extremely sick. The scorpion barely misses you.
It was a potion of brilliance.
You feel clever all of a sudden.
* * * LOW HITPOINT WARNING * * *
You feel very sick. The scorpion closely misses you.
Really quaff the potion of lignification?
You turn into a tree.
Your +0 leather armour melds into your body.
Your roots penetrate the ground.
* * * LOW HITPOINT WARNING * * *
You feel very sick.
The scorpion stings you but does no damage.
Okay, then.
You feel yourself speed up.
You die...

, , ** .. , ..# ,
... , , , * ..#*
...... .# .....## ##
, ...... .# , ,, **
....s## .#
.#.....♣.## ...,
,............# ...##
.......^....#
..........##......##
#..................#
#.............###..#
............### ####
.......###.##
......>.....#


You could see a scorpion.

Vanquished Creatures
  A kobold brigand (D:4)
  A bullfrog (D:5)
  A scorpion (D:5)
  An orc priest (D:4)
  2 hounds
  4 gnolls (D:5)
  5 adders
  A shadow imp (D:3)
  8 orcs
  9 ball pythons
  4 bats
  7 endoplasms
  A giant cockroach (D:3)
  4 goblins
  4 hobgoblins
  3 jackals (D:2)
  4 quokkas
  5 frilled lizards
  4 kobolds (D:4)
  4 rats
73 creatures vanquished.

Vanquished Creatures (others)
  3 plants
3 creatures vanquished.

Grand Total: 76 creatures vanquished

Notes
Turn   | Place    | Note
-------+----------+-------------------------------------------
     0 | D:1      | Newt the Kobold Hunter began the quest for the Orb.
     0 | D:1      | Reached XP level 1. HP: 12/12 MP: 1/1
   623 | D:1      | Reached XP level 2. HP: 18/18 MP: 2/2
   998 | D:1      | Found Hauh's Assorted Antiques.
  1377 | D:2      | Found a faded altar of an unknown god.
  1520 | D:2      | Reached XP level 3. HP: 23/23 MP: 3/3
  1710 | D:2      | Found Fyri's General Store.
  1716 | D:2      | Bought a scroll of identify for 22 gold pieces
  1917 | D:2      | Reached XP level 4. HP: 29/29 MP: 4/4
  2083 | D:3      | Reached skill level 6 in Ranged Weapons
  2369 | D:3      | Found an ornate altar of the Wu Jian Council.
  2374 | D:3      | Found a bloodstained altar of Trog.
  2376 | D:3      | Found a faded altar of an unknown god.
  2377 | D:3      | Found a burning altar of Makhleb.
  2382 | D:3      | Found a sacrificial altar of Ru.
  2574 | D:4      | Reached skill level 7 in Ranged Weapons
  2574 | D:4      | Reached XP level 5. HP: 20/33 MP: 5/5
  2714 | D:4      | Found a sparkling altar of Nemelex Xobeh.
  3241 | D:4      | HP: 1/33 [orc priest/divine providence (13)]
  3480 | D:4      | Noticed a kobold brigand
  3491 | D:4      | Killed a kobold brigand
  3492 | D:4      | Reached skill level 8 in Ranged Weapons
  3492 | D:4      | Reached XP level 6. HP: 35/38 MP: 6/6
  4082 | D:5      | Entered Level 5 of the Dungeon
  4099 | D:5      | Reached skill level 9 in Ranged Weapons
  4138 | D:5      | Gained mutation: Your muscles are strong. (Str +4, Int/Dex
                  | -1) [potion of mutation]
  4138 | D:5      | Gained mutation: Your spells are a little easier to cast,
                  | but a little less powerful. [potion of mutation]
  4138 | D:5      | Gained mutation: You passively map a small area around you.
                  | [potion of mutation]
  4145 | D:5      | Reached XP level 7. HP: 43/43 MP: 7/7
  4225 | D:5      | HP: 3/64 [poisoned by a scorpion]
  4226 | D:5      | Succumbed to a scorpion's poison

Illustrated notes

Levels and vault maps discovered:
D:1:      enne_arrival_octagon_isle, layout_basic, serial_bayou,
          serial_bayou_pond_e, serial_bayou_crossing, serial_bayou_lagoon_a,
          serial_bayou_shore_a, serial_bayou_lake_a, serial_bayou_shore_b,
          serial_shops, shop
D:2:      kennysheep_big_flooded_room, layout_loops_cross, serial_shops, shop,
          hellmonk_ecumenical_altar_dog_temple
D:3:      layout_rooms, chequers_temple_overflow_minitemple
D:4:      layout_basic, nemelex_xobeh_ov_fountains_minmay, nicolae_hexahallways,
          lexackson_kobold_supper
D:5:      layout_cave_pools, minmay_temple_entry_poolview

Skill      XL: |  1  2  3  4  5  6 |
---------------+-------------------+-----
Fighting       | 3 4 |  4.0
Ranged Weapons | 7 8 9 |  9.9
Dodging        | |  2.4
Stealth        | |  1.3

Action                     |  1- 3 |  4- 6 |  7- 9 || total
---------------------------+-------+-------+-------++-------
   Fire: Shortbow          |    63 |    97 |    13 ||   173
    Use: Scroll            |     3 |     7 |       ||    10
         Potion            |     1 |     3 |     3 ||     7
 Armour: Leather armour    |    11 |     8 |     1 ||    20
         Skin              |       |       |     1 ||     1
  Dodge: Dodged            |    48 |    18 |     3 ||    69

Table legend: (Time is in decaauts)
 A = Elapsed time spent in this place.
 B = Non-inter-level travel time spent in this place.
 C = Inter-level travel time spent in this place.
 D = Time resting spent in this place.
 E = Time spent auto-exploring this place.
 F = Levels seen in this place.
 G = Mean time per level.
                   A        B        C        D        E       F      G
               +--------+--------+--------+--------+--------+-----+--------+
         Total |   4352 |   4208 |    144 |    309 |   3522 |   5 |  870.4 |
       Dungeon |   4352 |   4208 |    144 |    309 |   3522 |   5 |  870.4 |
               +--------+--------+--------+--------+--------+-----+--------+

Top non-repeatable levels by time:
     D:4: 1537 daAuts
     D:1: 1413 daAuts
     D:2: 792 daAuts
     D:3: 482 daAuts
     D:5: 126 daAuts
